Map: Undercurrent LE

Players

jeannysu - Winner!

  • Race: Zerg Zerg
  • Spawn Location: 7:00

프로브 - Winner!

  • Race: Terran Terran
  • Spawn Location: 7:00

치터 칸 (가장 어려움)

  • Race: Protoss Protoss
  • Spawn Location: 1:00

치터 칸 (가장 어려움)

  • Race: Protoss Protoss
  • Spawn Location: 3:00

VOD

Have the link to the VOD?

Description

Time

  • Played on: Oct. 4, 2025, 8:38 a.m.
  • Length: 20:38
Show
View Real Time Build Order
Export as new Build Order

jeannysu Zerg - Winner!

Build Orders: Hatch First, Brood Lord Corruptor 

Get SALT Encoding   

  12  0:02  Drone  
  13  0:12  Overlord  
  13  0:17  Drone  
  14  0:30  Drone x2  
  16  0:51  Drone  
  16  0:53  Hatchery  
  16  0:54  Drone  
  17  0:58  Drone  
  18  1:09  Extractor  
  17  1:15  Spawning Pool  
  17  1:17  Drone  
  17  1:20  Drone  
  18  1:27  Drone  
  19  1:38  Overlord  
  19  1:49  Drone  
  20  2:00  Drone  
  21  2:03  Queen  
  21  2:06  Queen  
  21  2:07  Drone  
  26  2:11  Zergling x2  
  26  2:13  Metabolic Boost  
  27  2:21  Zergling x2  
  28  2:23  Zergling x2  
  28  2:26  Drone  
  30  2:37  Drone x2  
  30  2:42  Queen  
  30  2:43  Drone  
  35  2:49  Drone  
  36  3:00  Overlord x2  
  36  3:12  Hatchery  
  35  3:16  Evolution Chamber  
  34  3:22  Drone x4  
  34  3:23  Drone  
  34  3:26  Drone  
  40  3:40  Baneling Nest  
  39  3:42  Drone x4  
  43  3:53  Drone x4  
  47  3:58  Drone  
  47  4:02  Zerg Ground Armor Level 1  
  48  4:08  Queen  
  50  4:10  Extractor  
  50  4:12  Extractor  
  50  4:13  Zergling x8  
  52  4:24  Overlord x2  
  52  4:32  Drone x6  
  58  4:42  Drone  
  59  4:52  Drone x4  
  63  4:53  Drone x4  
  63  4:56  Lair  
  67  5:11  Overlord x3  
  67  5:14  Baneling x4  
  67  5:15  Baneling x3  
  67  5:46  Overlord x2  
  67  5:47  Overlord  
  67  5:48  Zergling x22  
  78  5:51  Hatchery  
  78  5:56  Infestation Pit  
  76  5:59  Extractor, Overlord  
  74  6:05  Zergling x2  
  74  6:06  Zergling x6  
  78  6:26  Drone x6  
  78  6:27  Drone x2  
  78  6:29  Zergling x4  
  78  6:32  Baneling  
  88  6:33  Baneling x5  
  88  6:45  Extractor x2  
  86  6:47  Zergling x2  
  86  6:48  Zergling x22  
  86  6:50  Baneling  
  98  7:01  Overlord x3  
  98  7:03  Zerg Ground Armor Level 2  
  98  7:10  Spire  
  98  7:14  Queen  
  98  7:15  Drone x2  
  101  7:19  Drone  
  101  7:20  Drone x7  
  109  7:24  Baneling x6  
  109  7:25  Baneling x2  
  109  7:31  Evolution Chamber  
  109  7:32  Centrifugal Hooks  
  109  7:33  Evolution Chamber  
  107  7:51  Hive  
  107  7:53  Drone  
  107  7:54  Drone x3  
  111  8:00  Drone x11  
  111  8:03  Extractor  
  111  8:04  Extractor  
  120  8:06  Zergling x2  
  120  8:07  Zergling x4  
  120  8:12  Infestor x2  
  123  8:13  Infestor  
  123  8:19  Baneling x5  
  129  8:20  Zergling x12  
  129  8:21  Zergling x2  
  129  8:26  Zerg Flyer Weapons Level 1  
  136  8:28  Zerg Melee Weapons Level 1  
  136  8:37  Queen  
  138  8:49  Hatchery  
  138  8:53  Overlord x5  
  138  8:54  Corruptor x5  
  143  9:08  Zergling x20  
  143  9:09  Zergling x6  
  111  9:18  Zergling x2  
  111  9:19  Zergling x6  
  111  9:24  Zerg Ground Armor Level 3  
  115  9:37  Microbial Shroud  
  115  9:42  Corruptor x4  
  115  9:43  Corruptor  
  115  9:44  Spire  
  124  9:47  Zergling x2  
  124  9:48  Zergling x16  
  133  9:53  Drone  
  133  9:54  Drone x3  
  137  10:05  Adrenal Glands  
  137  10:07  Zergling x6  
  137  10:08  Zergling x14  
  137  10:13  Drone x4  
  144  10:30  Zergling x2  
  144  10:31  Zergling x30  
  150  10:40  Zergling x2  
  150  10:41  Zergling x6  
  147  10:47  Zergling x2  
  147  10:48  Zergling x8  
  129  10:59  Greater Spire  
  129  11:01  Queen  
  128  11:09  Corruptor x7  
  142  11:13  Zergling x2  
  142  11:14  Zergling x18  
  142  11:16  Infestor  
  131  11:46  Zergling x2  
  131  11:47  Zergling x34  
  138  11:53  Pneumatized Carapace  
  134  12:13  Zergling x2  
  134  12:14  Zergling x30  
  145  12:23  Brood Lord x6  
  145  12:24  Brood Lord x2  
  145  12:25  Zerg Melee Weapons Level 2, Brood Lord  
  145  12:26  Zerg Missile Weapons Level 1  
  145  12:27  Zerg Flyer Weapons Level 2  
  161  12:31  Infestor x2  
  160  12:39  Zergling x12  
  160  12:40  Zergling x14  
  173  12:46  Baneling x7  
  173  12:47  Baneling x3  
  173  12:50  Corruptor  
  156  13:12  Extractor  
  150  13:13  Extractor  
  148  13:21  Zergling x32  
  148  13:22  Zergling x12  
  170  13:27  Hatchery  
  147  14:07  Zergling x28  
  147  14:08  Zergling x6  
  150  14:27  Zerg Missile Weapons Level 2  
  150  14:28  Zergling x2  
  150  14:29  Zergling x16  
  159  14:43  Zerg Flyer Armor Level 1  
  150  15:03  Queen  
  142  15:16  Zergling x18  
  142  15:17  Zergling x16  
  159  15:23  Corruptor x4  
  164  15:56  Zergling x32  
  164  15:57  Zergling x8  
  168  16:15  Zerg Flyer Weapons Level 3  
  165  16:22  Zergling x2  
  165  16:23  Zergling x22  
  158  16:48  Zergling x2  
  158  16:49  Zergling x24  
  163  17:14  Zergling x8  
  163  17:15  Zergling x30  
  169  17:31  Zergling x14  
  169  17:36  Zerg Missile Weapons Level 3  
  169  17:37  Zerg Melee Weapons Level 3  
  176  17:46  Extractor x2, Queen  
  176  17:48  Queen  
  172  18:08  Zergling x2  
  172  18:09  Zergling x42  
  192  18:16  Corruptor x2  
  192  18:17  Corruptor  
  196  18:29  Infestor  
  196  18:30  Infestor  
  196  18:53  Ultralisk Cavern  
  190  18:58  Zergling x14  
  190  18:59  Zergling x8  
  199  19:06  Neural Parasite  
  189  19:25  Hatchery  
  184  19:37  Hatchery  
  177  19:41  Ultralisk x2  
  177  19:42  Ultralisk x2  
  196  19:49  Swarm Host  
Show
View Real Time Build Order
Export as new Build Order

프로브 Terran - Winner!

Build Orders: Reaper Expand 

Get SALT Encoding   

  12  0:00  SCV  
  13  0:12  SCV  
  14  0:18  Supply Depot  
  14  0:24  SCV  
  15  0:39  SCV  
  15  0:41  Barracks  
  16  0:45  Refinery  
  16  0:53  SCV  
  17  1:05  SCV  
  18  1:17  SCV  
  19  1:30  Orbital Command, Reaper  
  20  1:41  Command Center  
  20  1:57  SCV  
  21  2:02  Marine  
  21  2:04  Supply Depot  
  22  2:09  SCV  
  23  2:21  Barracks Reactor  
  23  2:26  SCV  
  23  2:27  Factory  
  24  2:38  SCV  
  24  2:40  Refinery  
  25  2:54  SCV  
  25  2:57  Barracks x2  
  25  3:06  Orbital Command  
  25  3:07  SCV  
  26  3:21  Barracks Tech Lab  
  26  3:22  Widow Mine x2  
  26  3:23  Starport  
  26  3:26  SCV  
  31  3:38  SCV  
  31  3:39  SCV  
  33  3:46  Engineering Bay  
  33  3:47  Engineering Bay  
  33  3:51  Stimpack  
  33  3:52  Barracks Reactor, Barracks Tech Lab  
  33  3:57  Widow Mine  
  35  4:08  SCV x2  
  37  4:10  Refinery, Widow Mine  
  37  4:11  Refinery  
  37  4:14  Supply Depot  
  37  4:16  Marine  
  40  4:18  Medivac  
  42  4:29  SCV x2  
  42  4:30  Marine x2  
  46  4:38  Marine  
  47  4:41  SCV x2  
  47  4:44  Terran Infantry Weapons Level 1, Supply Depot  
  49  4:50  Supply Depot  
  49  4:53  SCV x2  
  51  5:05  SCV  
  51  5:06  SCV, Supply Depot  
  53  5:08  Supply Depot  
  53  5:12  Marine x2  
  53  5:13  Marauder  
  57  5:18  SCV x2  
  59  5:30  Factory Tech Lab  
  59  5:31  Supply Depot  
  51  5:43  Marine x4  
  51  5:45  Supply Depot  
  51  5:47  SCV x2, Supply Depot  
  57  5:57  Barracks  
  57  5:59  SCV  
  57  6:01  Marauder x2  
  57  6:02  Command Center  
  57  6:03  Barracks  
  61  6:05  Marine x2  
  63  6:18  Terran Infantry Armor Level 1  
  63  6:20  Armory  
  63  6:22  Concussive Shells, Marine  
  63  6:23  Marauder, Combat Shield  
  63  6:25  Medivac  
  68  6:27  Medivac  
  70  6:36  SCV x2  
  72  6:41  Supply Depot, Marine x3  
  72  6:43  Marine  
  72  6:45  Siege Tank  
  79  6:48  SCV  
  80  6:55  Medivac  
  80  6:57  SCV  
  80  6:58  Marine  
  80  7:00  SCV, Barracks Tech Lab  
  85  7:01  Barracks Reactor  
  85  7:09  SCV, Barracks  
  85  7:10  Barracks  
  86  7:16  Barracks  
  86  7:19  Marauder x2, Marine x3  
  86  7:22  Orbital Command  
  93  7:28  Siege Tank  
  96  7:36  Marine x3  
  98  7:40  Supply Depot  
  98  7:42  Factory  
  99  7:48  Starport  
  99  7:50  Medivac x2  
  103  7:52  Marine x4  
  107  7:59  Marauder, Barracks Tech Lab  
  107  8:00  Barracks Reactor  
  107  8:04  Barracks Tech Lab  
  109  8:11  Marauder  
  111  8:13  Siege Tank  
  111  8:14  Marine x4  
  118  8:25  Marine x3  
  121  8:27  SCV x2  
  121  8:28  SCV  
  121  8:32  Refinery x2  
  124  8:39  SCV  
  124  8:40  SCV  
  126  8:52  Starport Reactor  
  126  8:53  Terran Infantry Weapons Level 2, Terran Infantry Armor Level 2  
  126  8:56  Supply Depot x2  
  126  8:58  Supply Depot  
  126  8:59  Marine x8  
  126  9:00  Supply Depot  
  134  9:03  SCV x3  
  120  9:22  Marauder, Marine  
  120  9:23  Marauder x3, Marine x4  
  115  9:31  Siege Tank  
  115  9:32  Factory Tech Lab  
  118  9:40  Command Center  
  118  9:42  SCV x2  
  118  9:44  Marauder, Marine x3  
  125  9:50  Ghost Academy  
  125  9:56  Marine x5  
  130  10:11  Marine x5  
  130  10:14  SCV x2, Marine x3  
  137  10:15  SCV  
  131  10:26  SCV  
  131  10:27  SCV  
  131  10:28  Marine x2  
  124  10:29  Marine x4  
  124  10:30  Marauder  
  124  10:33  SCV  
  129  10:38  SCV  
  129  10:39  SCV, Siege Tank  
  134  10:46  SCV, Terran Vehicle And Ship Armor Level 1, Marauder  
  133  10:53  Ghost x2, Marine x4  
  139  10:57  SCV x2  
  141  11:24  Command Center  
  134  11:28  Marine x8  
  134  11:29  Marauder x2  
  108  11:32  Medivac  
  107  11:47  Marauder  
  104  11:48  SCV  
  104  11:49  SCV x2, Marine x3  
  104  11:50  Marine x6  
  116  11:56  Medivac  
  116  12:01  SCV x2  
  116  12:10  SCV  
  116  12:13  SCV x2, Marine x7  
  116  12:14  Marauder x2, Marine  
  126  12:31  Ghost x2, Marine  
  131  12:39  Medivac x2  
  131  12:41  Planetary Fortress  
  135  12:44  Refinery x2  
  135  12:49  Marauder, Command Center  
  134  13:01  Ghost x2  
  134  13:02  Marauder, Marine x2  
  142  13:11  Marauder  
  144  13:17  Marine x4  
  130  13:20  Siege Tank, Marine  
  130  13:23  Ghost  
  136  13:30  Marauder  
  136  13:31  Ghost, Marauder  
  136  13:32  Liberator  
  136  13:33  Liberator  
  146  13:47  Refinery  
  146  13:48  Marine x4  
  136  13:51  Ghost x2  
  136  13:52  Refinery, Marauder  
  141  13:58  Marine x2  
  141  14:01  Marauder  
  145  14:06  Personal Cloaking, Marine x2  
  147  14:11  Orbital Command  
  147  14:13  Marauder  
  149  14:18  Barracks x2  
  149  14:19  Barracks  
  149  14:20  Marauder  
  149  14:21  Marauder  
  149  14:22  Marauder  
  149  14:23  Marine x2  
  157  14:24  Marine  
  157  14:27  Liberator  
  161  14:34  SCV, Marauder  
  161  14:35  SCV x3  
  167  14:42  Marauder x2  
  167  14:43  Marauder  
  173  14:47  Terran Infantry Weapons Level 3, Terran Infantry Armor Level 3  
  173  14:57  Marine x6  
  173  14:58  Marauder  
  181  15:03  Marauder, Marine  
  181  15:04  Marine, Viking x2  
  181  15:05  Viking  
  191  15:10  Viking  
  192  15:15  Marine x4  
  192  15:17  Marine  
  192  15:18  Marine x4  
  192  15:19  Marauder  
  183  15:21  Marauder  
  183  15:23  Marauder  
  183  15:25  Marauder  
  187  15:31  Command Center  
  187  15:33  Marine x4  
  187  15:34  Medivac x2, Viking  
  196  15:35  Marine x2  
  196  15:36  Marine x2  
  190  15:51  Marauder x2, Marine x2  
  196  16:06  Medivac, Viking  
  200  16:16  Barracks Reactor, Barracks Tech Lab, Command Center x2  
  200  16:20  Missile Turret  
  200  16:22  Barracks Tech Lab  
  200  16:24  Missile Turret, Command Center  
  198  16:31  Viking x2  
  200  16:39  Terran Vehicle And Ship Armor Level 2  
  198  16:49  Fusion Core  
  198  16:53  Orbital Command  
  198  16:54  Command Center  
  198  17:12  Viking x2  
  198  17:14  Viking  
  178  17:23  Siege Tank x2  
  178  17:24  Hi-Sec Auto Tracking, Neosteel Armor  
  183  17:35  Marauder x2, Marine x6  
  183  17:36  Marauder  
  195  17:38  Viking  
  195  17:41  Advanced Ballistics  
  195  17:42  Liberator  
  199  17:45  Starport  
  199  17:46  Starport x2  
  197  17:54  Orbital Command x2  
  197  18:00  Missile Turret  
  197  18:01  Missile Turret  
  197  18:02  Missile Turret, Orbital Command  
  197  18:03  Command Center  
  197  18:08  Planetary Fortress  
  197  18:18  Nuke, Refinery  
  195  18:23  Starport Tech Lab x3  
  195  18:24  Refinery  
  195  18:35  Viking x2  
  195  18:37  Command Center  
  199  18:56  Command Center  
  199  19:09  Refinery  
  199  19:13  Refinery  
  199  19:43  Marine  
  198  20:12  Missile Turret, Orbital Command x2  
  198  20:23  Command Center  
Show
View Real Time Build Order
Export as new Build Order

치터 칸 (가장 어려움) Protoss 

Build Orders: 1 Gate Expand, Double Forge, Chargelot Immortal 

Get SALT Encoding   

  12  0:01  Probe  
  13  0:13  Probe  
  14  0:19  Pylon  
  14  0:25  Probe  
  15  0:33  Probe  
  15  0:41  Assimilator, Probe  
  16  0:46  Gateway  
  17  0:51  Probe  
  17  0:53  Pylon  
  18  0:59  Probe  
  19  1:07  Probe  
  19  1:17  Probe  
  20  1:24  Nexus  
  21  1:30  Probe  
  22  1:37  Cybernetics Core  
  22  1:41  Zealot  
  22  1:42  Probe  
  25  1:54  Gateway  
  25  1:57  Pylon  
  25  1:58  Probe  
  26  2:06  Probe  
  26  2:08  Zealot  
  26  2:09  Assimilator, Warp Gate  
  26  2:14  Probe  
  30  2:26  Adept, Probe  
  31  2:30  Pylon  
  31  2:36  Probe  
  34  2:38  Probe  
  34  2:40  Sentry  
  37  2:48  Probe  
  37  2:51  Probe  
  39  2:54  Pylon  
  39  2:55  Adept  
  41  3:00  Robotics Facility  
  41  3:02  Probe  
  41  3:03  Adept, Probe  
  45  3:10  Probe  
  45  3:15  Probe  
  45  3:18  Probe  
  47  3:25  Sentry  
  50  3:27  Gateway, Probe  
  50  3:30  Probe  
  50  3:33  Adept  
  54  3:37  Pylon  
  54  3:39  Probe  
  55  3:42  Probe  
  55  3:45  Stalker  
  56  3:49  Observer, Forge  
  56  3:51  Probe  
  56  3:54  Probe  
  61  3:59  Robotics Facility  
  61  4:03  Probe  
  61  4:05  Probe  
  61  4:06  Immortal  
  67  4:11  Stalker  
  67  4:16  Pylon  
  69  4:21  Stalker  
  69  4:22  Pylon  
  69  4:23  Stalker  
  73  4:26  Gateway  
  73  4:29  Photon Cannon  
  73  4:32  Photon Cannon  
  73  4:34  Stalker, Probe x2  
  73  4:36  Immortal  
  77  4:43  Pylon  
  77  4:44  Adept, Immortal  
  79  4:46  Stalker, Probe x2  
  79  4:47  Forge  
  91  5:02  Stalker  
  93  5:07  Pylon  
  93  5:08  Stalker  
  93  5:13  Protoss Ground Weapons Level 1  
  95  5:16  Immortal  
  99  5:22  Protoss Ground Armor Level 1  
  99  5:23  Zealot  
  99  5:25  Assimilator, Zealot  
  99  5:27  Pylon  
  103  5:29  Assimilator  
  103  5:30  Zealot  
  105  5:36  Probe x2  
  105  5:39  Nexus, Photon Cannon  
  96  5:48  Probe x2  
  96  5:49  Photon Cannon  
  98  5:52  Pylon  
  98  5:56  Warp Prism  
  100  5:58  Robotics Bay  
  100  6:00  Probe  
  100  6:01  Zealot x2, Probe  
  106  6:06  Zealot x2  
  110  6:12  Probe  
  110  6:13  Probe  
  110  6:17  Pylon  
  112  6:20  Twilight Council  
  112  6:21  Zealot, Sentry  
  116  6:26  Zealot x2  
  116  6:27  Photon Cannon  
  120  6:34  Photon Cannon  
  120  6:35  Probe x2  
  120  6:39  Pylon  
  122  6:42  Zealot  
  122  6:45  Zealot  
  122  6:46  Zealot, Colossus  
  134  6:51  Colossus, Probe x2  
  134  6:52  Probe  
  143  6:55  Charge  
  143  7:03  Probe  
  143  7:04  Probe  
  143  7:05  Assimilator, Probe  
  143  7:06  Zealot  
  143  7:07  Zealot, Pylon  
  150  7:08  Nexus  
  150  7:10  Assimilator  
  150  7:14  Protoss Ground Weapons Level 2, Probe  
  151  7:22  Probe  
  151  7:25  Probe  
  151  7:26  Probe  
  154  7:30  Probe  
  154  7:33  Pylon  
  154  7:35  Stalker x2, Photon Cannon  
  159  7:38  Probe  
  159  7:40  Disruptor, Pylon, Probe  
  165  7:50  Colossus  
  165  7:51  Probe  
  172  7:55  Extended Thermal Lance  
  172  7:56  Protoss Ground Armor Level 2  
  172  7:58  Probe x2  
  173  8:02  Pylon  
  173  8:03  Probe  
  175  8:08  Colossus x2  
  175  8:09  Colossus  
  175  8:10  Probe  
  175  8:11  Probe  
  177  8:15  Probe  
  177  8:16  Photon Cannon, Observer  
  179  8:20  Probe  
  179  8:22  Probe  
  181  8:27  Probe  
  181  8:28  Immortal  
  186  8:34  Assimilator  
  186  8:37  Photon Cannon  
  186  8:38  Zealot  
  186  8:39  Zealot  
  186  8:40  Photon Cannon  
  190  8:42  Assimilator  
  190  8:44  Warp Prism  
  192  8:52  Photon Cannon  
  192  8:56  Pylon  
  192  9:00  Immortal  
  192  9:01  Gateway  
  192  9:04  Zealot  
  192  9:06  Zealot x3, Robotics Facility  
  192  9:09  Stargate  
  172  9:14  Forge  
  172  9:16  Nexus  
  148  9:19  Disruptor  
  116  9:24  Stalker  
  116  9:25  Zealot  
  116  9:26  Adept, Sentry  
  116  9:27  Photon Cannon  
  118  9:32  Disruptor  
  118  9:38  Stalker  
  118  9:40  Pylon  
  118  9:44  Colossus  
  124  9:46  Stalker  
  124  9:47  Zealot  
  124  9:49  Sentry  
  130  9:56  Zealot, Immortal  
  130  9:59  Sentry  
  144  10:07  Photon Cannon  
  144  10:08  Stalker x2, Immortal  
  144  10:10  Stalker  
  154  10:16  Stalker  
  154  10:19  Photon Cannon  
  156  10:22  Zealot  
  156  10:25  Zealot, Photon Cannon  
  160  10:30  Sentry  
  160  10:33  Zealot  
  160  10:34  Observer  
  160  10:35  Warp Prism, Sentry  
  165  10:37  Stalker  
  165  10:41  Assimilator  
  165  10:42  Stalker  
  173  10:46  Pylon  
  173  10:47  Immortal  
  177  10:52  Disruptor  
  177  10:53  Zealot, Stalker  
  177  10:54  Assimilator, Nexus, Zealot  
  187  11:03  Immortal  
  187  11:07  Adept  
  187  11:09  Photon Cannon  
  193  11:14  Pylon  
  193  11:17  Immortal  
  193  11:21  Stalker x3  
  193  11:22  Stalker  
  179  11:28  Stalker, Colossus  
  173  11:36  Gateway  
  173  11:39  Sentry  
  165  11:40  Adept  
  165  11:42  Disruptor  
  165  11:44  Stalker  
  165  11:45  Adept  
  157  11:51  Zealot  
  159  11:55  Stalker, Colossus  
  159  11:56  Sentry  
  159  12:05  Stalker  
  159  12:07  Sentry  
  145  12:11  Stalker  
  145  12:15  Zealot  
  135  12:18  Zealot, Immortal  
  135  12:19  Pylon  
  135  12:20  Nexus, Colossus  
  137  12:23  Zealot  
  137  12:26  Photon Cannon  
  137  12:28  Zealot  
  137  12:29  Adept  
  143  12:30  Zealot  
  143  12:35  Adept  
  126  12:37  Templar Archives  
  126  12:38  Zealot  
  126  12:41  Adept  
  126  12:44  Zealot  
  126  12:45  Photon Cannon  
  126  12:49  Zealot, Immortal  
  126  12:50  Pylon  
  126  12:51  Stalker  
  140  12:54  Void Ray  
  140  12:57  Disruptor, Zealot, Stalker  
  148  12:58  Adept  
  148  12:59  Adept  
  152  13:05  Immortal  
  152  13:10  Adept  
  154  13:13  Photon Cannon  
  154  13:15  Adept, Photon Cannon  
  154  13:16  Stalker  
  154  13:17  Sentry  
  154  13:18  Stalker, Photon Cannon  
  166  13:21  High Templar  
  164  13:27  Void Ray  
  164  13:28  Observer  
  164  13:30  Stalker  
  164  13:32  Stalker  
  164  13:33  Observer  
  164  13:34  Stalker  
  168  13:36  Zealot  
  168  13:40  Stalker, Observer  
  154  13:44  Colossus  
  154  13:46  Zealot  
  131  13:50  Pylon  
  131  13:53  Immortal  
  131  13:54  Adept  
  123  13:55  Adept  
  123  13:56  High Templar, Photon Cannon  
  123  13:57  Stalker  
  123  13:58  Zealot  
  123  14:00  Void Ray  
  119  14:03  Gateway  
  119  14:04  Zealot  
  119  14:05  Immortal  
  123  14:14  Zealot  
  123  14:15  Zealot  
  123  14:19  Adept  
  123  14:20  Zealot  
  123  14:23  Photon Cannon  
  123  14:24  Stalker  
  129  14:25  Zealot  
  129  14:29  Zealot, Pylon  
  133  14:33  Phoenix  
  133  14:34  Zealot  
  133  14:37  Immortal  
  141  14:39  Zealot x2  
  141  14:41  Adept  
  141  14:42  Immortal  
  141  14:44  Photon Cannon  
  151  14:46  Zealot x2  
  151  14:50  Adept  
  157  14:54  Zealot  
  157  14:57  Adept  
  147  15:00  Adept, Stalker, Immortal, Phoenix  
  147  15:02  Stalker  
  147  15:04  Photon Cannon  
  147  15:06  Zealot  
  145  15:07  Zealot  
  145  15:10  Photon Cannon  
  125  15:14  High Templar  
  125  15:15  Observer  
  125  15:16  Immortal  
  125  15:17  Zealot  
  125  15:20  Stalker  
  106  15:23  High Templar, Phoenix  
  106  15:24  Pylon  
  106  15:26  Zealot x2  
  106  15:27  Stalker  
  113  15:30  Immortal  
  113  15:32  Probe  
  113  15:34  Probe, Immortal  
  113  15:35  Probe x2  
  109  15:38  Stalker  
  109  15:39  Probe  
  109  15:40  Zealot, Probe, Phoenix  
  117  15:43  Adept  
  117  15:44  Probe  
  117  15:46  Probe  
  117  15:47  Probe x2  
  117  15:48  Adept, Probe  
  117  15:49  Zealot, Stalker  
  127  15:51  Immortal  
  127  15:55  Probe  
  127  15:56  Probe x2  
  129  15:57  Stalker  
  129  15:58  Probe  
  129  15:59  Probe  
  129  16:00  Probe  
  129  16:01  Stalker  
  129  16:02  Zealot  
  129  16:03  Zealot  
  110  16:07  Colossus, Probe  
  110  16:08  High Templar, Probe  
  110  16:11  Stalker  
  113  16:12  Stalker, Void Ray  
  113  16:13  Colossus  
  113  16:15  Probe  
  119  16:22  Zealot  
  119  16:23  Zealot x2  
  119  16:24  Colossus  
  119  16:25  Zealot  
  127  16:29  Probe  
  127  16:30  Stalker  
  134  16:35  Stalker  
  117  16:40  High Templar  
  117  16:43  Zealot  
  117  16:44  Zealot x3  
  123  16:47  Sentry  
  123  16:49  Phoenix  
  123  16:53  Immortal  
  123  16:58  Stalker  
  123  17:00  Zealot  
  123  17:01  Zealot  
  129  17:04  Sentry  
  129  17:05  Sentry, Probe  
  129  17:07  Immortal  
  137  17:11  Probe, Sentry  
  137  17:13  Zealot, Probe x2  
  137  17:14  Phoenix  
  132  17:16  Probe x3  
  132  17:18  Immortal  
  132  17:19  Zealot x2  
  132  17:21  Sentry  
  122  17:23  Probe  
  122  17:24  Probe  
  122  17:25  Probe  
  122  17:27  Zealot, Stalker  
  122  17:29  Probe  
  111  17:30  Probe  
  111  17:33  Probe, Phoenix, Immortal  
  111  17:34  Probe  
  111  17:35  Zealot, Probe  
  119  17:39  Sentry  
  119  17:40  Zealot  
  119  17:41  Probe  
  119  17:43  Stalker x2, Probe  
  132  17:45  Probe  
  132  17:46  Nexus, Immortal  
  132  17:47  Adept  
  129  17:54  Phoenix  
  129  17:55  Adept  
  129  17:56  Pylon  
  129  17:57  Immortal  
  129  18:00  Sentry  
  129  18:04  Stalker  
  129  18:05  Probe  
  117  18:06  Stalker  
  117  18:08  Stalker, Probe  
  117  18:11  Warp Prism  
  110  18:13  Probe  
  110  18:15  Zealot  
  110  18:17  Probe  
  110  18:19  Phoenix  
  103  18:20  Adept, Probe  
  103  18:24  Adept  
  103  18:25  Probe, Immortal  
  98  18:28  Probe  
  98  18:29  Probe  
  98  18:30  Adept  
  98  18:33  Zealot, Pylon  
  90  18:36  Stalker  
  90  18:37  Adept, Immortal  
  90  18:38  Probe  
  91  18:41  Probe  
  91  18:43  Probe  
  91  18:44  Phoenix  
  91  18:45  Zealot  
  91  18:48  Immortal  
  94  18:50  Adept, Probe  
  94  18:52  Stalker  
  94  18:53  Sentry  
  94  18:55  Probe  
  80  18:58  Zealot, Probe  
  80  18:59  Probe  
  60  19:05  Immortal  
  60  19:06  Probe  
  60  19:07  Zealot, Probe  
  56  19:10  Stalker  
  56  19:11  Stalker  
  56  19:16  Adept  
  65  19:17  Immortal  
  65  19:19  Probe  
  65  19:20  Stalker  
  65  19:21  Probe  
  68  19:27  Stalker  
  68  19:30  Stalker  
  69  19:31  Probe  
  69  19:33  Probe  
  69  19:34  Zealot  
  69  19:36  Stalker  
  65  19:43  Zealot  
  61  19:45  Probe  
  61  19:46  Probe  
  61  19:50  Zealot  
  60  19:53  Stalker  
  60  19:58  Probe  
  51  20:10  Probe  
  51  20:11  Zealot  
Show
View Real Time Build Order
Export as new Build Order

치터 칸 (가장 어려움) Protoss 

Build Orders: Blink Stalkers, Mass Adepts 

Get SALT Encoding   

  12  0:01  Probe  
  13  0:13  Probe  
  14  0:19  Pylon  
  14  0:25  Probe  
  15  0:33  Probe  
  15  0:41  Assimilator, Probe  
  16  0:46  Gateway  
  17  0:51  Probe  
  17  0:53  Pylon  
  18  0:59  Probe  
  19  1:08  Probe  
  19  1:18  Probe  
  20  1:19  Assimilator  
  21  1:30  Probe  
  22  1:35  Zealot, Cybernetics Core  
  24  1:42  Probe  
  24  1:45  Pylon  
  26  1:54  Probe  
  26  2:02  Gateway, Probe  
  27  2:10  Stalker, Probe  
  27  2:13  Warp Gate  
  27  2:15  Twilight Council  
  30  2:20  Probe  
  30  2:26  Gateway  
  31  2:40  Adept  
  33  2:47  Zealot, Gateway  
  35  2:54  Blink  
  35  2:58  Pylon  
  35  3:09  Adept  
  35  3:10  Adept  
  37  3:12  Adept  
  37  3:16  Pylon  
  41  3:34  Adept  
  43  3:39  Adept  
  43  3:40  Adept, Pylon  
  47  3:42  Adept  
  47  3:45  Forge  
  49  4:00  Robotics Facility  
  49  4:11  Adept  
  49  4:16  Adept  
  53  4:17  Stalker  
  53  4:20  Adept, Photon Cannon  
  57  4:25  Stalker, Photon Cannon  
  57  4:28  Pylon  
  59  4:36  Adept  
  61  4:41  Pylon  
  61  4:43  Pylon  
  61  4:46  Zealot x2, Stalker  
  61  4:49  Observer  
  68  4:57  Adept  
  70  5:06  Stalker  
  72  5:07  Stalker, Immortal  
  72  5:09  Stalker  
  80  5:17  Adept  
  82  5:25  Stalker  
  84  5:28  Pylon  
  84  5:34  Protoss Ground Weapons Level 1  
  84  5:44  Sentry  
  84  5:46  Zealot, Immortal  
  84  5:48  Forge  
  92  5:51  Pylon  
  92  6:01  Zealot  
  94  6:07  Nexus  
  94  6:09  Zealot  
  94  6:10  Protoss Ground Armor Level 1  
  96  6:15  Zealot  
  96  6:16  Pylon  
  98  6:18  Zealot  
  98  6:21  Zealot  
  102  6:34  Zealot  
  102  6:35  Zealot  
  102  6:39  Zealot  
  108  6:42  Zealot  
  110  7:19  Zealot  
  110  7:20  Zealot, Probe x2  
  110  7:21  Zealot x2  
  120  7:32  Probe x2  
  120  7:35  Zealot  
  124  7:37  Pylon  
  124  7:39  Zealot  
  124  7:41  Pylon  
  126  7:46  Nexus  
  126  7:52  Immortal  
  126  7:55  Probe  
  126  7:56  Probe  
  132  8:05  Pylon  
  132  8:08  Probe  
  132  8:10  Probe  
  134  8:21  Probe  
  134  8:23  Probe  
  134  8:25  Immortal  
  136  8:28  Pylon  
  136  8:29  Probe  
  136  8:32  Robotics Bay  
  141  8:44  Probe  
  142  8:48  Stalker  
  142  8:50  Pylon  
  144  8:58  Stalker, Probe x2  
  144  8:59  Stalker x2, Probe  
  153  9:03  Protoss Ground Weapons Level 2  
  153  9:04  Immortal  
  157  9:10  Probe  
  157  9:11  Sentry  
  157  9:12  Pylon, Protoss Ground Armor Level 2, Probe  
  157  9:13  Probe  
  162  9:21  Nexus  
  162  9:22  Probe x2  
  163  9:26  Probe  
  165  9:31  Probe  
  165  9:34  Stalker, Probe  
  165  9:37  Warp Prism  
  165  9:38  Stalker, Probe  
  172  9:41  Probe  
  172  9:42  Pylon, Charge  
  175  9:49  Assimilator  
  175  9:51  Assimilator  
  175  9:53  Assimilator  
  175  9:55  Assimilator  
  175  9:57  Probe x3  
  178  10:04  Warp Prism  
  178  10:09  Pylon, Probe  
  178  10:10  Probe x2  
  178  10:12  Stalker  
  185  10:16  Stalker  
  186  10:21  Probe  
  186  10:22  Probe x2  
  186  10:23  Stalker  
  186  10:24  Zealot  
  158  10:32  Probe  
  158  10:33  Probe  
  158  10:34  Pylon, Observer  
  158  10:35  Stalker, Probe  
  137  10:36  Probe  
  137  10:39  Stalker  
  137  10:41  Assimilator  
  143  10:43  Probe  
  143  10:44  Stalker  
  143  10:45  Pylon, Probe  
  143  10:46  Stalker  
  143  10:48  Assimilator, Probe  
  140  10:50  Probe  
  140  10:51  Stalker  
  140  10:52  Robotics Facility  
  140  10:53  Immortal  
  115  10:57  Probe  
  115  11:02  Zealot  
  100  11:07  Zealot  
  100  11:09  Stalker  
  104  11:12  Zealot  
  104  11:16  Photon Cannon  
  104  11:17  Zealot  
  108  11:23  Photon Cannon  
  108  11:26  Photon Cannon  
  108  11:28  Zealot  
  108  11:29  Pylon  
  108  11:32  Zealot, Stalker, Gateway, Immortal  
  116  11:33  Adept, Nexus  
  116  11:37  Disruptor  
  124  11:40  Pylon  
  124  11:45  Zealot, Pylon  
  126  11:48  Zealot, Stargate  
  126  11:53  Stalker  
  130  11:55  Robotics Facility, Stalker  
  130  11:58  Forge  
  130  11:59  Stalker  
  130  12:01  Photon Cannon  
  134  12:03  Zealot  
  134  12:05  Colossus  
  134  12:06  Photon Cannon  
  136  12:10  Photon Cannon  
  136  12:11  Disruptor  
  136  12:15  Photon Cannon  
  146  12:16  Adept  
  146  12:19  Zealot  
  146  12:22  Sentry  
  152  12:23  Photon Cannon  
  152  12:24  Stalker  
  152  12:27  Zealot  
  156  12:31  Warp Prism  
  156  12:37  Stalker  
  158  12:39  Adept  
  158  12:42  Gateway  
  162  12:44  Adept  
  162  12:45  Zealot x2  
  162  12:46  Disruptor  
  176  12:54  Void Ray  
  176  12:55  Nexus, Pylon  
  176  12:56  Adept, Colossus  
  176  12:58  Zealot, Stalker  
  164  12:59  Stalker, Immortal  
  164  13:02  Templar Archives  
  138  13:06  Adept  
  129  13:13  Adept  
  129  13:17  Stalker  
  129  13:19  Photon Cannon  
  101  13:22  Stalker, Observer  
  101  13:23  Adept  
  101  13:25  Pylon  
  100  13:27  Adept  
  106  13:34  Zealot  
  106  13:36  Zealot, Immortal  
  106  13:37  Void Ray  
  106  13:38  Immortal  
  106  13:40  Zealot  
  120  13:43  Stalker  
  120  13:45  High Templar  
  120  13:48  Stalker  
  126  13:50  Immortal  
  126  13:53  Adept  
  126  13:54  Sentry  
  134  13:56  Zealot  
  134  13:58  Stalker  
  122  14:10  Stalker, Immortal  
  122  14:11  Photon Cannon, Sentry  
  132  14:17  Assimilator, Stalker x2, Immortal  
  132  14:18  Stalker x2, Void Ray  
  132  14:23  Pylon  
  124  14:28  Assimilator  
  124  14:30  Immortal  
  116  14:33  High Templar  
  116  14:34  Stalker x2  
  122  14:40  Stalker x2  
  122  14:41  Adept  
  122  14:42  Observer  
  122  14:45  Photon Cannon  
  128  14:47  Phoenix  
  129  14:55  Adept  
  129  14:56  Immortal  
  129  14:57  Zealot x2  
  129  14:59  Immortal  
  113  15:02  Stalker, Immortal  
  113  15:03  Stalker  
  113  15:06  High Templar  
  109  15:08  Zealot  
  109  15:13  Sentry  
  117  15:18  Stalker, Void Ray  
  97  15:21  Pylon  
  97  15:25  Pylon  
  97  15:26  Zealot  
  97  15:27  Zealot  
  97  15:29  Templar Archives  
  97  15:31  Zealot  
  97  15:37  Photon Cannon  
  97  15:38  Zealot  
  97  15:39  Photon Cannon  
  97  15:41  Stalker, Probe  
  97  15:42  Immortal  
  110  15:46  Stalker x2  
  110  15:47  Stalker x2  
  97  15:51  Probe  
  97  15:58  Zealot  
  97  16:02  Adept  
  97  16:03  Probe x3  
  97  16:04  Probe  
  88  16:05  Probe x2  
  88  16:06  High Templar, Stalker  
  88  16:10  Stalker  
  89  16:14  Probe  
  89  16:15  Robotics Bay  
  89  16:17  Probe x2  
  79  16:19  High Templar, Probe x2  
  79  16:21  Stalker, Immortal  
  79  16:22  Probe  
  83  16:29  Probe x2  
  83  16:30  Probe  
  83  16:31  Probe  
  83  16:32  Stalker  
  83  16:33  High Templar  
  83  16:37  Sentry  
  84  16:41  Probe  
  84  16:42  Probe  
  84  16:43  Probe  
  84  16:44  Stalker  
  47  16:54  Probe  
  47  16:55  Stargate  
  47  16:56  Stalker  
  47  16:58  Probe  
  47  16:59  Stalker  
  47  17:00  Observer, Probe  
  54  17:03  Zealot, Photon Cannon  
  54  17:06  Probe  
  54  17:08  Zealot  
  52  17:11  Probe  
  52  17:12  Probe  
  46  17:15  Stalker  
  46  17:18  Zealot, Immortal  
  46  17:19  Zealot, Probe  
  46  17:23  Probe  
  46  17:24  Probe  
  46  17:29  Zealot  
  29  17:33  Stalker  
  29  17:35  Probe  
  29  17:36  Probe  
  30  17:38  Zealot, Stalker  
  30  17:40  Adept, Stalker  
  29  17:47  Nexus, Probe  
  29  17:48  Probe  
  29  17:49  Sentry  
  32  17:53  Zealot  
  32  17:56  Probe  
  32  17:57  Immortal  
  29  18:00  Adept  
  29  18:03  Zealot  
  29  18:04  Probe  
  25  18:12  Zealot  
  26  18:14  Probe  
  26  18:15  Adept  
  28  18:20  Zealot  
  28  18:24  Sentry  
  28  18:26  Probe  
  31  18:33  Stalker  
  27  18:36  Stalker, Observer  
  27  18:39  Probe  
  27  18:40  Stalker  
  29  18:44  Immortal  
  29  18:48  Zealot  
  28  18:51  Probe  
  29  18:56  Zealot  
  29  18:59  Zealot  
  26  19:03  Probe  
  26  19:04  Stalker  
  26  19:06  Sentry  
  19  19:15  Probe  
  19  19:16  Adept  
  19  19:27  Probe  
  11  19:40  Adept, Zealot  
Tags
 
Add a new tag
Caveats
  • Supply blocks, unpowered buildings, or Contaminate may cause inaccurate times.
  • Supply counts are checked every 10 seconds.